TOP OF THE 1ST |
Ohio State University Buckeyes batting - Pitching for Clemson University Tigers : RHP Gustavo Carena
|
Pitching: RHP Gustavo Carena
|
|
Batting: RHB Hikaru Nakata
|
0-0: Called Strike 0-1: Called Strike 0-2: Foul Ball, location: 2F 0-2: Fly out, F8 (Flyball, 78D, EV 103.1 MPH)
|
Batting: RHB Aaron Burnet
|
0-0: Called Strike 0-1: Swinging Strike 0-2: Foul Ball, location: 2F 0-2: Ball 1-2: Fly out, F8 (Flyball, 8LXD, EV 88.1 MPH)
|
Batting: SHB Ken Griffey IV
|
0-0: Called Strike 0-1: DOUBLE (Line Drive, 9LD, EV 113.8 MPH)
|
Batting: LHB Ben Roth
|
0-0: Foul Ball, location: 2F 0-1: Hit by Pitch
|
Pinch Runner at 1st Danny Rosario:
|
|
Batting: RHB Hugo Chavez
|
0-0: Called Strike 0-1: Ball 1-1: Ball 2-1: Ball 3-1: Base on Balls Ken Griffey IV to third Danny Rosario to second
|
Batting: RHB Michihisa Tanaka
|
0-0: Foul Ball, location: 2F 0-1: Swinging Strike 0-2: Foul Ball, location: 2F 0-2: Ball 1-2: Foul Ball, location: 2F 1-2: Foul Ball, location: 2F 1-2: Strikes out swinging
|
Top of the 1st over - 0 runs, 1 hit, 0 errors, 3 left on base; Ohio State University 0 - Clemson University 0 |
BOTTOM OF THE 1ST |
Clemson University Tigers batting - Pitching for Ohio State University Buckeyes : RHP Curt De Kock
|
Pitching: RHP Curt De Kock
|
|
Batting: RHB Josh LeSage
|
0-0: Swinging Strike 0-1: Ball 1-1: Foul Ball, location: 2F 1-2: Ball 2-2: Ball 3-2: Fly out, F9 (Line Drive, 9, EV 91.2 MPH)
|
Batting: RHB Jason Duncan
|
0-0: Ball 1-0: Ball 2-0: Called Strike 2-1: Called Strike 2-2: Strikes out looking
|
Batting: RHB Jorge Alva
|
0-0: Fly out, F7 (Line Drive, 7LM, EV 90.6 MPH)
|
Bottom of the 1st over - 0 runs, 0 hits, 0 errors, 0 left on base; Ohio State University 0 - Clemson University 0 |
TOP OF THE 2ND |
Ohio State University Buckeyes batting - Pitching for Clemson University Tigers : RHP Gustavo Carena
|
Batting: RHB Jeff Standridge
|
0-0: Ball 1-0: Foul Ball, location: 2F 1-1: Swinging Strike 1-2: Strikes out swinging, 2-3 out at first.
|
Batting: RHB John Britton
|
0-0: SINGLE (Line Drive, 89M, EV 85.0 MPH)
|
Batting: RHB Jose Benavidez
|
0-0: Called Strike 0-1: Ball 1-1: Swinging Strike 1-2: Ball 2-2: Ball 3-2: Strikes out swinging
|
Batting: RHB Hikaru Nakata
|
0-0: Ball John Britton steals 2nd base 1-0: Called Strike 1-1: Called Strike 1-2: Ball 2-2: Ball 3-2: Foul Ball, location: 2F 3-2: Foul Ball, location: 2F 3-2: Ground out 4-3 (Groundball, 4, EV 80.6 MPH)
|
Top of the 2nd over - 0 runs, 1 hit, 0 errors, 1 left on base; Ohio State University 0 - Clemson University 0 |
BOTTOM OF THE 2ND |
Clemson University Tigers batting - Pitching for Ohio State University Buckeyes : RHP Curt De Kock
|
Batting: LHB John Rumbolt
|
0-0: Ball 1-0: Ball 2-0: Called Strike 2-1: Ground out 6-3 (Groundball, 6, EV 108.8 MPH)
|
Batting: LHB Jackson Wither
|
0-0: Ball 1-0: Called Strike 1-1: Ground out 5-3 (Groundball, 56, EV 83.1 MPH)
|
Batting: LHB Victor Reyna
|
0-0: Foul Ball, location: 2F 0-1: Ball 1-1: Fly out, F3 (Popup, 3SF, EV 80.0 MPH)
|
Bottom of the 2nd over - 0 runs, 0 hits, 0 errors, 0 left on base; Ohio State University 0 - Clemson University 0 |
TOP OF THE 3RD |
Ohio State University Buckeyes batting - Pitching for Clemson University Tigers : RHP Gustavo Carena
|
Batting: RHB Aaron Burnet
|
0-0: Ball 1-0: Ball 2-0: Ball 3-0: Base on Balls
|
Batting: SHB Ken Griffey IV
|
0-0: Called Strike 0-1: SINGLE (Line Drive, 7S, EV 104.4 MPH) Aaron Burnet to second
|
Batting: RHB Danny Rosario
|
0-0: Ball 1-0: SINGLE (Line Drive, 4MD, EV 95.0 MPH) Aaron Burnet to third Ken Griffey IV to second Runner from 3rd tries for Home, throw by CF and OUT! 8-2 Ken Griffey IV to third Danny Rosario to second
|
Batting: RHB Hugo Chavez
|
0-0: Called Strike 0-1: Ball 1-1: Ball 2-1: Ball 3-1: Fly out, F9 (Flyball, 9D, EV 78.8 MPH) Runner from 3rd tags up, OUT at HOME! 9-2
|
Top of the 3rd over - 0 runs, 2 hits, 0 errors, 1 left on base; Ohio State University 0 - Clemson University 0 |
BOTTOM OF THE 3RD |
Clemson University Tigers batting - Pitching for Ohio State University Buckeyes : RHP Curt De Kock
|
Batting: RHB Chris Prinzing
|
0-0: Ball 1-0: Ball 2-0: Ball 3-0: Called Strike 3-1: Base on Balls
|
Batting: RHB Juan Barela
|
0-0: Ball 1-0: Ball 2-0: Ball 3-0: Called Strike 3-1: Fielders Choice at 2nd, 6-4 (Groundball, 6, EV 92.5 MPH)
|
Batting: RHB Neal Perucci
|
0-0: Called Strike 0-1: Ball 1-1: Fielders Choice at 2nd, 4-6 (Groundball, 4M, EV 99.4 MPH)
|
Batting: RHB Josh LeSage
|
0-0: Ball 1-0: Ball 2-0: Foul Ball, location: 2F 2-1: Ball 3-1: Foul Ball, location: 2F 3-2: Fly out, F9 (Line Drive, 89M, EV 98.8 MPH)
|
Bottom of the 3rd over - 0 runs, 0 hits, 0 errors, 1 left on base; Ohio State University 0 - Clemson University 0 |
TOP OF THE 4TH |
Ohio State University Buckeyes batting - Pitching for Clemson University Tigers : RHP Gustavo Carena
|
Batting: RHB Michihisa Tanaka
|
0-0: Ball 1-0: Called Strike 1-1: Swinging Strike 1-2: Ground out 1-3 (Groundball, 13S, EV 67.5 MPH)
|
Batting: RHB Jeff Standridge
|
0-0: Ball 1-0: Ball 2-0: Called Strike 2-1: Ball 3-1: Base on Balls
|
Batting: RHB John Britton
|
0-0: 2-RUN HOME RUN (Line Drive, 7D, EV 99.4 MPH), Distance : 372 ft
|
Batting: RHB Jose Benavidez
|
0-0: Ball 1-0: Swinging Strike 1-1: Foul Ball, location: 2F 1-2: Foul Ball, location: 2F 1-2: Foul Ball, location: 2F 1-2: Foul Ball, location: 2F 1-2: DOUBLE (Flyball, 8LXD, EV 101.9 MPH)
|
Batting: RHB Hikaru Nakata
|
0-0: Ball 1-0: Ball 2-0: Ball 3-0: Called Strike 3-1: Called Strike 3-2: Foul Ball, location: 2F 3-2: Base on Balls
|
Batting: RHB Aaron Burnet
|
0-0: Called Strike 0-1: Swinging Strike 0-2: Ball 1-2: Strikes out looking
|
Batting: SHB Ken Griffey IV
|
0-0: Called Strike 0-1: Ball 1-1: Ball 2-1: DOUBLE (Line Drive, 9LM, EV 103.1 MPH) Jose Benavidez scores Hikaru Nakata to third Runner from 3rd tries for Home, SAFE, throw by RF to home
|
Batting: RHB Danny Rosario
|
0-0: Called Strike 0-1: Ball 1-1: SINGLE (Flyball, 5D, EV 85.6 MPH) Ken Griffey IV to third Runner from 3rd tries for Home, throw by LF and OUT! 7-2
|
Top of the 4th over - 4 runs, 4 hits, 0 errors, 1 left on base; Ohio State University 4 - Clemson University 0 |
BOTTOM OF THE 4TH |
Clemson University Tigers batting - Pitching for Ohio State University Buckeyes : RHP Curt De Kock
|
Batting: RHB Jason Duncan
|
0-0: Called Strike 0-1: Ball 1-1: Ball 2-1: Foul Ball, location: 2F 2-2: Foul Ball, location: 2F 2-2: Ball 3-2: Foul Ball, location: 2F 3-2: Ground out 6-3 (Groundball, 6M, EV 103.1 MPH)
|
Batting: RHB Jorge Alva
|
0-0: Called Strike 0-1: Ground out 5-3 (Groundball, 5L, EV 83.1 MPH)
|
Batting: LHB John Rumbolt
|
0-0: Ball 1-0: Called Strike 1-1: Ball 2-1: Called Strike 2-2: Ball 3-2: Fly out, F7 (Flyball, 78S, EV 79.4 MPH)
|
Bottom of the 4th over - 0 runs, 0 hits, 0 errors, 0 left on base; Ohio State University 4 - Clemson University 0 |
TOP OF THE 5TH |
Ohio State University Buckeyes batting - Pitching for Clemson University Tigers : RHP Gustavo Carena
|
Pitching: LHP Salvatore Vasquez
|
|
Batting: RHB Hugo Chavez
|
0-0: Called Strike 0-1: Ball 1-1: Fly out, F8 (Flyball, 8LD, EV 103.1 MPH)
|
Batting: RHB Michihisa Tanaka
|
0-0: Ground out 4-3 (Groundball, 4, EV 82.5 MPH)
|
Batting: RHB Jeff Standridge
|
0-0: Called Strike 0-1: Called Strike 0-2: Ball 1-2: Strikes out swinging
|
Top of the 5th over - 0 runs, 0 hits, 0 errors, 0 left on base; Ohio State University 4 - Clemson University 0 |
BOTTOM OF THE 5TH |
Clemson University Tigers batting - Pitching for Ohio State University Buckeyes : RHP Curt De Kock
|
Batting: LHB Jackson Wither
|
0-0: Called Strike 0-1: Ground out 4-3 (Groundball, 4S, EV 80.6 MPH)
|
Batting: LHB Victor Reyna
|
0-0: Ball 1-0: Ball 2-0: Foul Ball, location: 2F 2-1: Foul Ball, location: 2F 2-2: Foul Ball, location: 2F 2-2: Ball 3-2: Base on Balls
|
Batting: RHB Chris Prinzing
|
0-0: Fly out, F8 (Line Drive, 8RD, EV 101.2 MPH)
|
Batting: RHB Juan Barela
|
0-0: Ball 1-0: Fly out, F4 (Popup, 13S, EV 78.8 MPH)
|
Bottom of the 5th over - 0 runs, 0 hits, 0 errors, 1 left on base; Ohio State University 4 - Clemson University 0 |
TOP OF THE 6TH |
Ohio State University Buckeyes batting - Pitching for Clemson University Tigers : LHP Salvatore Vasquez
|
Batting: RHB John Britton
|
0-0: Ball 1-0: Foul Ball, location: 2F 1-1: Ball 2-1: Foul Ball, location: 2F 2-2: Ball 3-2: DOUBLE (Line Drive, 78M, EV 105.6 MPH)
|
Batting: RHB Jose Benavidez
|
0-0: Ball 1-0: Ball 2-0: Called Strike 2-1: Foul Ball, location: 2F 2-2: Foul Ball, location: 2F 2-2: Ball 3-2: Foul Ball, location: 2F 3-2: Foul Ball, location: 2F 3-2: Base on Balls
|
Pitching: RHP A.J. Newman
|
|
Batting: RHB Hikaru Nakata
|
0-0: Called Strike 0-1: Ball 1-1: Foul Ball, location: 2F 1-2: Ball 2-2: Ball 3-2: SINGLE (Groundball, 6, EV 95.0 MPH) John Britton to third Jose Benavidez to second
|
Batting: RHB Aaron Burnet
|
0-0: Called Strike 0-1: Ball 1-1: Fly out, F8 (Flyball, 8LD, EV 94.4 MPH) Runner from 3rd tags up, OUT at HOME! 8-2 Jose Benavidez to third Hikaru Nakata to second
|
Batting: SHB Ken Griffey IV
|
0-0: Called Strike 0-1: Ball 1-1: Ball 2-1: Foul Ball, location: 2F 2-2: Fly out, F8 (Flyball, 8RM, EV 83.8 MPH)
|
Top of the 6th over - 0 runs, 2 hits, 0 errors, 2 left on base; Ohio State University 4 - Clemson University 0 |
BOTTOM OF THE 6TH |
Clemson University Tigers batting - Pitching for Ohio State University Buckeyes : RHP Curt De Kock
|
Batting: RHB Neal Perucci
|
0-0: Ball 1-0: Ball 2-0: Ball 3-0: Called Strike 3-1: Base on Balls
|
Batting: RHB Josh LeSage
|
0-0: Ball 1-0: Foul Ball, location: 2F 1-1: Ball 2-1: Called Strike 2-2: Ball 3-2: Fly out, F7 (Flyball, 7D, EV 100.6 MPH)
|
Pitching: RHP Austin Reitz
|
|
Batting: RHB Jason Duncan
|
0-0: Ball 1-0: Called Strike 1-1: Ball 2-1: Called Strike 2-2: Ball 3-2: Base on Balls Neal Perucci to second
|
Pinch Hitting: LHB David Mendez
|
0-0: Ball 1-0: SINGLE (Line Drive, 6MD, EV 101.2 MPH) Neal Perucci to third Jason Duncan to second Runner from 3rd tries for Home, SAFE, throw by CF to home
|
Pinch Hitting: RHB Donovan Deason
|
0-0: Ball 1-0: Fly out, F7 (Flyball, 7LS, EV 80.6 MPH)
|
Pinch Hitting: LHB Jayden Pelayo
|
0-0: Called Strike 0-1: Foul Ball, location: 2F 0-2: Ground out U3 (Groundball, 34, EV 86.2 MPH)
|
Bottom of the 6th over - 1 run, 1 hit, 0 errors, 2 left on base; Ohio State University 4 - Clemson University 1 |
TOP OF THE 7TH |
Ohio State University Buckeyes batting - Pitching for Clemson University Tigers : RHP A.J. Newman
|
Pitching: LHP Brian Anderson
|
|
Now at 1B: David Mendez
|
|
Now at 3B: Donovan Deason
|
|
Now in RF: Jayden Pelayo
|
|
Batting: RHB Danny Rosario
|
0-0: Called Strike 0-1: Foul Ball, location: 2F 0-2: Foul Ball, location: 2F 0-2: Foul Ball, location: 2F 0-2: Ball 1-2: Ball 2-2: Foul Ball, location: 2F 2-2: SINGLE (Line Drive, 3D, EV 98.1 MPH)
|
Batting: RHB Hugo Chavez
|
0-0: Swinging Strike 0-1: Foul Ball, location: 2F 0-2: Ball 1-2: Ball 2-2: Strikes out swinging
|
Batting: RHB Michihisa Tanaka
|
0-0: Called Strike 0-1: Grounds into double play, 6-4-3 (Groundball, 56, EV 101.2 MPH)
|
Top of the 7th over - 0 runs, 1 hit, 0 errors, 0 left on base; Ohio State University 4 - Clemson University 1 |
BOTTOM OF THE 7TH |
Clemson University Tigers batting - Pitching for Ohio State University Buckeyes : RHP Austin Reitz
|
Batting: LHB Victor Reyna
|
0-0: Ground out U3 (Groundball, 3, EV 103.1 MPH)
|
Batting: RHB Chris Prinzing
|
0-0: Ball 1-0: Ball 2-0: Ball 3-0: Base on Balls
|
Batting: RHB Juan Barela
|
0-0: Fly out, F9 (Flyball, 89D, EV 94.4 MPH)
|
Batting: RHB Neal Perucci
|
0-0: Ball 1-0: Called Strike 1-1: Fly out, F3 (Popup, 34S, EV 80.6 MPH)
|
Bottom of the 7th over - 0 runs, 0 hits, 0 errors, 1 left on base; Ohio State University 4 - Clemson University 1 |
TOP OF THE 8TH |
Ohio State University Buckeyes batting - Pitching for Clemson University Tigers : LHP Brian Anderson
|
Pitching: RHP Santos Gonzales
|
|
Batting: RHB Jeff Standridge
|
0-0: Ball 1-0: Ball 2-0: Ground out 6-3 (Groundball, 6S, EV 73.1 MPH)
|
Batting: RHB John Britton
|
0-0: Ball 1-0: Called Strike 1-1: Ball 2-1: Ground out 4-3 (Groundball, 4, EV 99.4 MPH)
|
Batting: RHB Jose Benavidez
|
0-0: Swinging Strike 0-1: Ball 1-1: SOLO HOME RUN (Flyball, 7D, EV 97.5 MPH), Distance : 368 ft
|
Batting: RHB Hikaru Nakata
|
0-0: Called Strike 0-1: Ball 1-1: Ball 2-1: Foul Ball, location: 2F 2-2: Foul Ball, location: 2F 2-2: Foul Ball, location: 2F 2-2: Foul Ball, location: 2F 2-2: Ball 3-2: Foul Ball, location: 2F 3-2: Base on Balls
|
Pitching: LHP Jonathan Hughes
|
|
Batting: RHB Aaron Burnet
|
0-0: Called Strike 0-1: Swinging Strike 0-2: Ball Hikaru Nakata steals 2nd base 1-2: Foul Ball, location: 2F 1-2: Strikes out swinging
|
Top of the 8th over - 1 run, 1 hit, 0 errors, 1 left on base; Ohio State University 5 - Clemson University 1 |
BOTTOM OF THE 8TH |
Clemson University Tigers batting - Pitching for Ohio State University Buckeyes : RHP Austin Reitz
|
Batting: RHB Josh LeSage
|
0-0: Ball 1-0: Swinging Strike 1-1: Ball 2-1: Swinging Strike 2-2: Ball 3-2: Strikes out swinging
|
Batting: RHB Jason Duncan
|
0-0: Called Strike 0-1: Foul Ball, location: 2F 0-2: Foul Ball, location: 2F 0-2: Ball 1-2: Foul Ball, location: 2F 1-2: SINGLE (Groundball, 4M, EV 103.8 MPH) (infield hit)
|
Pitching: LHP Neil McKibben
|
|
Pinch Runner at 1st Wayne Watson:
|
|
Batting: LHB David Mendez
|
0-0: Foul Ball, location: 2F 0-1: SINGLE (Line Drive, 6MD, EV 96.2 MPH) Wayne Watson to second
|
Batting: RHB Donovan Deason
|
0-0: Fielders Choice at 2nd, 4-6 (Groundball, 4, EV 83.1 MPH) Wayne Watson to third
|
Batting: LHB Jayden Pelayo
|
0-0: Ball 1-0: Called Strike 1-1: Ball 2-1: Foul Ball, location: 2F 2-2: Ball 3-2: Foul Ball, location: 2F 3-2: Fly out, F9 (Flyball, 9, EV 80.0 MPH)
|
Bottom of the 8th over - 0 runs, 2 hits, 0 errors, 2 left on base; Ohio State University 5 - Clemson University 1 |
TOP OF THE 9TH |
Ohio State University Buckeyes batting - Pitching for Clemson University Tigers : LHP Jonathan Hughes
|
Pitching: RHP Joachim Marot
|
|
Now in CF: Wayne Watson
|
|
Batting: SHB Ken Griffey IV
|
0-0: SOLO HOME RUN (Flyball, 9D, EV 100.0 MPH), Distance : 373 ft
|
Batting: LHB Ricardo Torres
|
0-0: Swinging Strike 0-1: Reached on error, E6 (Groundball, 6, EV 83.1 MPH)
|
Batting: RHB Hugo Chavez
|
0-0: Ball 1-0: Ball 2-0: Foul Ball, location: 2F 2-1: Foul Ball, location: 2F 2-2: Strikes out swinging
|
Batting: RHB Michihisa Tanaka
|
0-0: Ball 1-0: Fly out, F7 (Flyball, 7LM, EV 89.4 MPH)
|
Batting: RHB Jeff Standridge
|
0-0: Ball 1-0: Swinging Strike 1-1: Foul Ball, location: 2F 1-2: Fly out, F8 (Line Drive, 8LM, EV 110.6 MPH)
|
Top of the 9th over - 1 run, 1 hit, 1 error, 1 left on base; Ohio State University 6 - Clemson University 1 |
BOTTOM OF THE 9TH |
Clemson University Tigers batting - Pitching for Ohio State University Buckeyes : LHP Neil McKibben
|
Batting: LHB Victor Reyna
|
0-0: Called Strike 0-1: Ball 1-1: SINGLE (Groundball, 6M, EV 110.6 MPH) (infield hit)
|
Batting: RHB Chris Prinzing
|
0-0: Ball 1-0: Ball 2-0: Called Strike 2-1: Called Strike 2-2: Strikes out swinging
|
Batting: RHB Juan Barela
|
0-0: SINGLE (Line Drive, 9S, EV 98.1 MPH) Victor Reyna to second
|
Batting: RHB Neal Perucci
|
0-0: Foul Ball, location: 2F 0-1: Foul Ball, location: 2F 0-2: Fly out, F7 (Flyball, 78D, EV 97.5 MPH)
|
Batting: RHB Josh LeSage
|
0-0: Ball 1-0: Fielders Choice at 2nd, 6-4 (Groundball, 6, EV 88.8 MPH)
|
Bottom of the 9th over - 0 runs, 2 hits, 0 errors, 2 left on base; Ohio State University 6 - Clemson University 1 |
|